 Dungeon Crawl Stone Soup version 0.25.0-33-gff14898491 (webtiles) character file.

Game seed: 8293456838135504353

132747 protoss039 the Sorcerer (level 16, -6/94 HPs)
             Began as a Deep Elf Earth Elementalist on July 6, 2020.
             Was the Champion of Vehumet.
             Killed from afar by an ice dragon (47 damage)
             ... with a blast of cold
             ... on level 2 of the Swamp on July 7, 2020.
             The game lasted 03:22:12 (41931 turns).

protoss039 the Sorcerer (DEEE)                     Turns: 41931, Time: 03:22:12

Health: -6/94      AC: 15    Str:  9    XL:     16   Next: 58%
Magic:  17/54      EV: 13    Int: 33    God:    Vehumet [******]
Gold:   712        SH:  0    Dex: 15    Spells: 2/61 levels left

rFire    + . .     SeeInvis +   x - +7 long sword of Sulphur {vorpal, rN+ Str+4 SInv}
rCold    . . .     Gourm    .   y - +0 buckler
rNeg     + . .     Faith    .   P - +0 steam dragon scales
rPois    +         Spirit   .   S - +2 hat {MR+}
rElec    +         Reflect  .   c - +2 cloak
rCorr    +         Harm     .   o - +2 pair of gloves of Kenex {-Tele rElec MR+ rCorr}
MR       +++..     NoTele   +   O - +0 pair of boots
Stlth    +.........             B - amulet of Ymoaceme {rPois Regen+ Int+3}
HPRegen  0.65/turn              Q - ring of magical power
MPRegen  0.34/turn              X - ring of Uborph {rElec rF+ Int+2}

@: confused, hasted (expiring), very quick
A: no striking features
a: Renounce Religion


You were on level 2 of the Swamp.
You worshipped Vehumet.
Vehumet was exalted by your worship.
You were not hungry.

You visited 5 branches of the dungeon, and saw 26 of its levels.
You also visited: Bailey.

You collected 3168 gold pieces.
You spent 2456 gold pieces at shops.

Inventory:

Hand Weapons
 t - the +12 Vampire's Tooth {vamp}
   (You found it on level 1 of the Orcish Mines)

   It inflicts no extra harm, but heals its wielder when it wounds a living foe.
 x - the +7 long sword of Sulphur (weapon) {vorpal, rN+ Str+4 SInv}
   (You found it on level 9 of the Dungeon)

   It inflicts extra damage upon your enemies.
   It affects your strength (+4).
   It protects you from negative energy.
   It lets you see invisible.
Missiles
 b - 342 stones (quivered)
Armour
 c - a +2 cloak (worn)
 o - the +2 pair of gloves of Kenex (worn) {-Tele rElec MR+ rCorr}
   (You bought it in a shop on level 2 of the Orcish Mines)

   It insulates you from electricity.
   It affects your resistance to hostile enchantments.
   It prevents most forms of teleportation.
   It provides partial protection from all sources of acid and corrosion.
 y - a +0 buckler (worn)
 O - a +0 pair of boots (worn)
 P - +0 steam dragon scales (worn)
 S - a +2 hat of magic resistance (worn)
Magical Staves
 V - an uncursed staff of wizardry
Jewellery
 g - an uncursed ring of poison resistance
 v - an uncursed ring of protection from cold
 B - the amulet of Ymoaceme (around neck) {rPois Regen+ Int+3}
   (You bought it in a shop on level 2 of the Orcish Mines)

   [amulet of regeneration]

   It affects your intelligence (+3).
   It protects you from poison.
   It increases your rate of regeneration.
 Q - a ring of magical power (left hand)
 R - an uncursed ring of resist corrosion
 X - the ring of Uborph (right hand) {rElec rF+ Int+2}
   (You bought it in a shop on level 4 of the Dungeon)

   [ring of protection from fire]

   It affects your intelligence (+2).
   It protects you from fire.
   It insulates you from electricity.
Wands
 j - a wand of disintegration (55)
 E - a wand of polymorph (11)
 G - a wand of clouds (8)
 K - a wand of iceblast (16)
 L - a wand of acid (31)
 N - a wand of paralysis (22)
 Z - a wand of digging (5)
Scrolls
 a - 11 scrolls of remove curse
 f - a scroll of fear
 n - 2 scrolls of blinking
 r - 10 scrolls of enchant armour
 s - 9 scrolls of teleportation
 A - 4 scrolls of fog
 C - 5 scrolls of enchant weapon
 I - 2 scrolls of amnesia
 J - 4 scrolls of magic mapping
 M - 2 scrolls of holy word
 U - 2 scrolls of summoning
 Y - 7 scrolls of identify
Potions
 e - 4 potions of stabbing
 h - a potion of magic
 i - 3 potions of mutation
 k - 2 potions of invisibility
 m - 2 potions of haste
 q - 6 potions of curing
 u - 5 potions of brilliance
 w - 4 potions of cancellation
 z - 3 potions of might
 D - 2 potions of flight
 H - 2 potions of ambrosia
Miscellaneous
 p - 2 boxes of beasts
Comestibles
 d - 48 rations
 l - 3 chunks of flesh


   Skills:
 * Level 8.6 Fighting
 - Level 0.2(4.1) Short Blades
 + Level 6.1 Long Blades
 - Level 4.0 Armour
 - Level 3.0 Dodging
 - Level 3.0 Stealth
 - Level 4.0 Shields
 + Level 23.3 Spellcasting
 - Level 8.0 Conjurations
 - Level 2.0 Hexes
 - Level 2.0 Charms
 * Level 3.7 Summonings
 - Level 2.0 Transmutations
 * Level 8.7 Fire Magic
 - Level 2.0 Ice Magic
 - Level 2.0 Air Magic
 - Level 15.0 Earth Magic


You had 2 spell levels left.
You knew the following spells:

 Your Spells              Type           Power        Failure   Level  Hunger
a - Sandblast             Erth           ######       0%          1    None
b - Passwall              Tmut/Erth      #######.     1%          2    None
c - Stone Arrow           Conj/Erth      ######       0%          3    None
d - Petrify               Tmut/Erth      #######.     1%          4    None
e - Lee's Rapid Deconstr  Erth           #######...   1%          5    None
f - Spellforged Servitor  Conj/Summ      ######....   16%         7    None
g - Frozen Ramparts       Ice            ######       1%          3    None
h - Iskenderun's Battles  Conj/Chrm      ######..     1%          5    None
i - Fireball              Conj/Fire      #######...   1%          5    None
j - Ignition              Fire           #######...   32%         8    ###....
k - Cause Fear            Hex            ######....   3%          4    None
l - Iron Shot             Conj/Erth      #######...   1%          6    None
m - Swiftness             Chrm/Air       ######..     1%          2    None
n - Summon Lightning Spi  Summ/Air       ######..     2%          4    None

Your spell library contained the following spells:

 Spells                   Type           Power        Failure   Level  Hunger
 Lehudib's Crystal Spear  Conj/Erth      #######...   11%         8    ###....
 Animate Skeleton         Necr           N/A          1%          1    None
 Apportation              Tloc           #####.       1%          1    None
 Beastly Appendage        Tmut           ######       1%          1    None
 Corona                   Hex            ######.      1%          1    None
 Magic Dart               Conj           ####         1%          1    None
 Shock                    Conj/Air       ####         1%          1    None
 Summon Small Mammal      Summ           ####         1%          1    None
 Blink                    Tloc           N/A          1%          2    None
 Call Imp                 Summ           ######..     1%          2    None
 Corpse Rot               Necr/Air       N/A          1%          2    None
 Searing Ray              Conj           ######       1%          2    None
 Slow                     Hex            ######..     1%          2    None
 Sticks to Snakes         Tmut           ######..     1%          2    None
 Call Canine Familiar     Summ           ######..     1%          3    None
 Conjure Flame            Conj/Fire      #######.     1%          3    None
 Dazzling Flash           Conj/Hex       ######       1%          3    None
 Ignite Poison            Fire/Tmut/Pois ######..     1%          3    None
 Inner Flame              Hex/Fire       ######..     1%          3    None
 Mephitic Cloud           Conj/Pois/Air  ######..     1%          3    None
 Portal Projectile        Hex/Tloc       #####.       1%          3    None
 Spider Form              Tmut/Pois      #####.....   1%          3    None
 Static Discharge         Conj/Air       ######..     1%          3    None
 Summon Guardian Golem    Hex/Summ       ######..     1%          3    None
 Airstrike                Air            ######....   1%          4    None
 Fulminant Prism          Conj/Hex       ######....   1%          4    None
 Iskenderun's Mystic Bla  Conj/Tloc      ######..     1%          4    None
 Leda's Liquefaction      Hex/Erth       #######...   1%          4    None
 Lightning Bolt           Conj/Air       ######....   1%          5    None
 Starburst                Conj/Fire      #######...   1%          6    None
 Summon Ice Beast         Ice/Summ       ######..     2%          4    None
 Ice Form                 Ice/Tmut       ######..     3%          4    None
 Blade Hands              Tmut           ######....   9%          5    None
 Summon Forest            Summ/Tloc      ######....   10%         5    None
 Hydra Form               Tmut           ######....   45%         6    None
 Ring of Flames           Chrm/Fire      ######....   56%         7    None
 Eringya's Noxious Bog    Tmut/Pois      #####.....   58%         6    None
 Summon Hydra             Summ           ######....   80%         7    None


Dungeon Overview and Level Annotations

Branches:
Dungeon (15/15)            Temple (1/1) D:4            Lair (6/6) D:9
  Swamp (2/4) Lair:3       Spider (0/4) Lair:2        Slime (0/5) Lair:6
    Orc (2/2) D:12            Elf (0/3) Orc:2        Vaults (0/5) D:13
 Depths (0/5) D:15         Bailey (visited)

Altars:
Ashenzari
Cheibriados
Dithmenos
Elyvilon
Fedhas
Gozag
Hepliaklqana
Kikubaaqudgha
Makhleb
Nemelex Xobeh
Okawaru
Qazlal
Ru
Sif Muna
Trog
Uskayaw
Vehumet
Wu Jian
Xom
Yredelemnul
Zin
The Shining One
Jiyva

Shops:
D:4 =   D:10 **!   D:12 =   Orc:2 *[[=%

Annotations:
D:4 3 exclusions
D:7 1 exclusion
D:8 1 exclusion
D:11 1 exclusion
D:12 3 runed translucent doors, exclusions: 3 doors, oklob plant and 1 more exclusion, Kono's ghost, journeyman GrFi
D:13 3 exclusions
D:14 1 exclusion
Lair:2 2 exclusions
Lair:3 1 exclusion
Lair:5 1 exclusion


Message History

Unknown command.
Unknown command.
Okay, then.
Unknown command.
Okay, then.
You are confused.
You feel invigorated.
Unknown command.
Unknown command.
You're too confused to move!
Unknown command.
You nearly stumble into some deep water!
Your extra speed is starting to run out.
Unknown command.
You hit your battlesphere.
Your battlesphere is lightly damaged.
The ice dragon breathes frost at you. The blast of cold hits you!!!
Ouch! That really hurt!
You die...

*,≈≈,≈,* *,≈...,, *≈♣≈.≈.♣♣♣♣
*,,..,.. *≈*≈.≈....♣♣ ♣.,.#.#.
*≈≈..§≈..≈.♣♣♣ ♣♣.≈.#.#.
*.≈≈♣.≈..≈...♣♣ ♣....#... ♣♣♣♣♣
*[≈≈≈.≈≈≈≈.≈≈≈♣♣♣≈≈(.##.. ..♣.♣♣
♣♣≈≈♣♣≈≈≈≈≈≈.§≈.≈≈.§♣..♣♣≈
≈..≈≈♣♣♣..≈≈♣§≈≈*≈≈♣≈§♣.≈≈....♣♣♣
≈.≈≈≈.≈≈.≈≈.....@..○D....≈≈.♣.♣♣.
≈..♣≈≈.≈≈≈≈≈≈≈♣♣♣≈♣♣♣♣...≈≈.≈.♣..
≈≈..≈....≈≈≈.♣♣ ♣≈♣ ♣♣...♣≈≈≈.≈♣.
≈≈♣...≈≈.≈≈≈..♣♣♣t♣♣♣÷.♣...≈≈≈≈♣♣
≈≈≈♣...≈≈≈...≈♣♣..♣♣≈≈♣♣♣♣.♣♣≈.♣♣
≈≈♣..♣.≈≈≈.≈≈≈≈♣..≈≈)♣♣ ♣.≈≈≈≈.♣
≈≈§.♣♣♣♣≈.÷≈≈≈.♣.≈≈.♣♣ ♣≈≈♣♣♣.♣
≈≈...♣♣...♣t.≈≈..≈≈.♣♣ ♣≈≈≈≈≈..
.t.≈....≈≈♣♣..≈≈♣≈≈♣.♣ ♣≈.≈.<..


You could see an ice dragon (catching breath), an alligator (swift, petrified)
and a friendly battlesphere.

Vanquished Creatures
  A tentacled monstrosity (Swamp:2)
  A frost giant (Orc:1)
  Snorg (D:14)
  An ettin (Orc:2)
  The ghost of Xudgha the Protected, a journeyman MiFi of Okawaru (Lair:2)
  A great orb of eyes (D:10)
  An ice dragon (D:13)
  An ogre mage (Orc:1)
  15 hydras
  4 vault guards (D:13)
  4 catoblepae
  3 centaur warriors
  2 death knights
  A dancing weapon (Lair:2)
  A shambling mangrove (Swamp:2)
  4 two-headed ogres
  7 alligators
  15 death yaks
  A tengu warrior (D:14)
  An orc high priest (Orc:2)
  2 skeletal warriors
  An orange crystal statue (D:9)
  4 swamp dragons
  2 unseen horrors
  A deep elf archer (D:10)
  A spriggan druid (Swamp:2)
  A phantasmal warrior (D:15)
  Pikel (D:5)
  A necromancer (D:15)
  An iron dragon zombie (D:15)
  4 orc knights
  3 orc sorcerers
  11 ugly things
  5 oklob plants
  8 manticores
  9 elephants
  15 cyclopes
  A torpor snail (Lair:3)
  Joseph (D:7)
  Maurice (D:12)
  4 black mambas
  3 centaur skeletons
  A spriggan zombie (D:15)
  A kobold demonologist (D:11)
  14 spiny frogs
  A rime drake (Lair:4)
  12 komodo dragons
  2 tengu conjurers
  An efreet (D:14)
  2 freezing wraiths
  3 tyrant leeches
  6 meliai
  6 hornets
  6 trolls
  A troll (shapeshifter) (D:13)
  2 queen bees
  4 bog bodies
  A polar bear (Lair:5)
  18 blink frogs
  13 hippogriffs
  4 spriggans
  2 shadows
  A tarantella (Lair:2)
  49 yaks
  5 wyverns
  3 wraiths
  A yak (shapeshifter) (D:11)
  6 basilisks
  5 hungry ghosts
  Grum (D:8)
  A steam dragon (D:11)
  9 vampire mosquitoes
  3 wargs (Orc:1)
  2 soldier ants
  4 swamp worms
  5 insubstantial wisps (Swamp:2)
  2 acid dragons
  14 water moccasins
  A tengu skeleton (D:15)
  3 porcupines
  4 swamp drakes
  Duvessa (D:7)
  42 orc warriors
  4 ice beasts
  4 slaves
  4 eyes of draining
  A black bear (D:13)
  3 phantoms
  7 sky beasts
  15 ogres
  10 wolves
  A necrophage (D:7)
  16 centaurs
  14 crocodiles
  3 big kobolds
  2 elf zombies
  19 bullfrogs
  A gnoll sergeant (D:12)
  Dowan (D:7)
  3 wyvern skeletons
  2 scorpions
  60 killer bees
  A wight (D:7)
  4 howler monkeys
  3 electric eels
  9 crimson imps
  4 centaur zombies
  4 human zombies (D:7)
  4 jellies
  5 hounds
  2 bullfrog zombies
  A quasit (D:12)
  9 orc priests
  4 bullfrog skeletons
  24 orc wizards
  9 iguanas
  Jessica (D:2)
  2 human skeletons (D:7)
  Terence (D:3)
  10 worker ants
  A killer bee zombie (D:5)
  An ogre zombie (D:7)
  2 centaur simulacra
  A hound zombie (D:9)
  A mummy (D:7)
  Robin (D:2)
  A howler monkey zombie (D:10)
  2 howler monkey skeletons (D:10)
  3 worker ant zombies
  13 adders
  9 gnolls
  4 shadow imps
  2 oozes
  An adder zombie (D:5)
  2 worms
  5 dart slugs
  5 leopard geckos
  102 orcs
  A ball python (D:5)
  A bat (D:2)
  5 giant cockroaches
  14 goblins
  10 hobgoblins
  4 jackals
  25 kobolds
  7 quokkas
  A frilled lizard (D:1)
  A jackal skeleton (D:7)
  A leopard gecko skeleton (D:5)
  3 quokka skeletons
  6 rats
910 creatures vanquished.

Vanquished Creatures (collateral kills)
  An ettin (Orc:1)
  A cyclops (Orc:1)
  An orc warrior (Orc:2)
  A centaur (Orc:2)
  4 orcs
8 creatures vanquished.

Vanquished Creatures (others)
  A bush (D:10)
  10 fungi
  15 plants
  4 toadstools (D:1)
  4 withered plants (D:15)
34 creatures vanquished.

Grand Total: 952 creatures vanquished

Notes
Turn   | Place    | Note
-------+----------+-------------------------------------------
     0 | D:1      | protoss039 the Deep Elf Earth Elementalist began the quest
                  | for the Orb.
     0 | D:1      | Reached XP level 1. HP: 10/10 MP: 6/6
   355 | D:1      | Reached XP level 2. HP: 12/15 MP: 5/8
  1187 | D:1      | Learned a level 2 spell: Passwall
  1325 | D:2      | Noticed Jessica
  1331 | D:2      | Killed Jessica
  1331 | D:2      | Reached XP level 3. HP: 19/19 MP: 7/10
  1464 | D:2      | Reached skill level 4 in Spellcasting
  1715 | D:2      | Noticed Robin
  1812 | D:2      | Reached XP level 4. HP: 24/24 MP: 9/12
  1842 | D:2      | Found a white marble altar of Elyvilon.
  1935 | D:2      | Killed Robin
  2940 | D:3      | Learned a level 3 spell: Stone Arrow
  2944 | D:3      | Reached XP level 5. HP: 28/28 MP: 9/14
  3059 | D:3      | Found a shimmering altar of Xom.
  3060 | D:3      | Found a shimmering altar of Xom.
  3177 | D:3      | Reached skill level 5 in Spellcasting
  3381 | D:3      | Noticed Terence
  3393 | D:3      | Killed Terence
  3393 | D:3      | Reached skill level 5 in Earth Magic
  3614 | D:3      | Found a shimmering altar of Xom.
  3615 | D:3      | Found a shimmering altar of Xom.
  3616 | D:3      | Found a shimmering altar of Xom.
  3964 | D:4      | Reached skill level 6 in Spellcasting
  3964 | D:4      | Reached XP level 6. HP: 32/32 MP: 3/17
  4082 | D:4      | Found Neroije's Jewellery Boutique.
  4218 | D:4      | Found a staircase to the Ecumenical Temple.
  4277 | Temple   | Entered the Ecumenical Temple
  4284 | Temple   | Became a worshipper of Vehumet
  5091 | D:4      | Learned a level 4 spell: Petrify
  5097 | D:4      | Learned a level 5 spell: Lee's Rapid Deconstruction
  5098 | D:5      | Entered Level 5 of the Dungeon
  5139 | D:5      | Noticed an ice beast
  5164 | D:5      | Killed an ice beast
  5164 | D:5      | Reached skill level 1 in Armour
  5353 | D:5      | Reached XP level 7. HP: 37/37 MP: 10/19
  5449 | D:5      | Noticed Pikel
  5685 | D:5      | Reached skill level 7 in Spellcasting
  5689 | D:5      | Reached skill level 1 in Conjurations
  6552 | D:5      | Reached * piety under Vehumet
  6552 | D:5      | Offered knowledge of Foxfire by Vehumet.
  6776 | D:4      | Learned a level 2 spell: Slow
  6817 | D:5      | Killed Pikel
  6817 | D:5      | Reached skill level 8 in Spellcasting
  6817 | D:5      | Reached skill level 1 in Hexes
  6817 | D:5      | Reached XP level 8. HP: 37/42 MP: 7/22
  7344 | D:6      | Reached skill level 9 in Spellcasting
  8399 | D:7      | Reached XP level 9. HP: 46/46 MP: 18/24
  8453 | D:7      | Reached skill level 10 in Spellcasting
  8501 | D:7      | Noticed Duvessa
  8592 | D:7      | Noticed Dowan
  8603 | D:7      | Killed Duvessa
  8603 | D:7      | Reached ** piety under Vehumet
  8603 | D:7      | Offered knowledge of Searing Ray by Vehumet.
  8615 | D:7      | Killed Dowan
  8734 | D:7      | Noticed Joseph
  8860 | D:7      | Killed Joseph
  8860 | D:7      | Reached skill level 11 in Spellcasting
  9350 | D:7      | Found an ancient bone altar of Kikubaaqudgha.
  9369 | D:7      | Reached skill level 1 in Fighting
  9686 | D:8      | Reached skill level 12 in Spellcasting
  9692 | D:8      | Reached skill level 10 in Earth Magic
 10022 | D:8      | Offered knowledge of Ignite Poison by Vehumet.
 10022 | D:8      | Reached XP level 10. HP: 41/52 MP: 22/28
 10397 | D:8      | Found a flagged portal.
 10413 | Bailey   | Entered a bailey
 10439 | Bailey   | Reached *** piety under Vehumet
 10835 | Bailey   | Found an iron altar of Okawaru.
 10905 | D:8      | Noticed Grum
 10908 | D:8      | Killed Grum
 10908 | D:8      | Reached skill level 13 in Spellcasting
 11109 | D:9      | Offered knowledge of Frozen Ramparts by Vehumet.
 11114 | D:9      | Learned a level 3 spell: Frozen Ramparts
 11466 | D:9      | Noticed an elephant
 11525 | D:9      | Reached skill level 1 in Ice Magic
 12025 | D:9      | Noticed an orange crystal statue
 12027 | D:9      | Killed an orange crystal statue
 12218 | D:9      | Reached **** piety under Vehumet
 12246 | D:9      | Found a staircase to the Lair.
 12417 | D:9      | Killed an elephant
 12417 | D:9      | Reached skill level 14 in Spellcasting
 12418 | D:9      | Noticed a death yak
 12506 | D:9      | Killed a death yak
 12636 | D:10     | Entered Level 10 of the Dungeon
 12666 | D:10     | Reached XP level 11. HP: 56/56 MP: 29/31
 12857 | D:10     | HP: 2/56 [something (2)]
 13103 | D:10     | Offered knowledge of Iskenderun's Battlesphere by Vehumet.
 13110 | D:10     | Learned a level 5 spell: Iskenderun's Battlesphere
 13173 | D:10     | Found Puaroe's Assorted Antiques.
 13244 | D:10     | Found Untein's Distillery.
 13291 | D:10     | Noticed a two-headed ogre
 13293 | D:10     | Killed a two-headed ogre
 13293 | D:10     | Reached skill level 15 in Spellcasting
 13553 | D:10     | Killed an unseen horror
 13669 | D:10     | Found Lenne's Assorted Antiques.
 14217 | D:11     | Noticed a death knight
 14484 | D:11     | Killed a death knight
 15255 | D:11     | Noticed a sixfirhy
 15497 | D:11     | Noticed a two-headed ogre
 15513 | D:11     | Killed a two-headed ogre
 15513 | D:11     | Reached skill level 16 in Spellcasting
 15809 | D:12     | Noticed a two-headed ogre
 15823 | D:11     | Learned a level 5 spell: Fireball
 15832 | D:11     | Learned a level 8 spell: Ignition
 15838 | D:11     | Learned a level 4 spell: Cause Fear
 15903 | D:10     | Reached ***** piety under Vehumet
 15991 | D:10     | Reached skill level 1 in Fire Magic
 15993 | D:10     | Offered knowledge of Conjure Ball Lightning by Vehumet.
 16004 | D:10     | Noticed a great orb of eyes
 16011 | D:10     | Killed a great orb of eyes
 16011 | D:10     | Reached XP level 12. HP: 53/61 MP: 4/34
 16511 | D:12     | Found a hazy altar of Hepliaklqana.
 16543 | D:12     | Found a burning altar of Makhleb.
 16614 | D:12     | Reached skill level 5 in Conjurations
 16715 | D:12     | Found Qisseciy's Jewellery Shoppe.
 16726 | D:12     | Found a runed translucent gate.
 16726 | D:12     | Noticed a 12-headed hydra
 16726 | D:12     | Noticed Kono's ghost (journeyman GrFi)
 16731 | D:12     | Found a runed translucent gate.
 16731 | D:12     | Found a runed translucent gate.
 16732 | D:12     | Noticed Maurice
 16737 | D:12     | Killed a two-headed ogre
 16737 | D:12     | Killed Maurice
 17184 | D:12     | Noticed an 11-headed hydra
 17203 | D:12     | Reached skill level 17 in Spellcasting
 17692 | D:12     | Found a staircase to the Orcish Mines.
 17844 | D:13     | Noticed a centaur warrior
 17847 | D:13     | Killed a centaur warrior
 18018 | D:13     | Noticed a seven-headed hydra
 18021 | D:13     | Killed a seven-headed hydra
 18067 | D:13     | Found a gate to the Vaults.
 18067 | D:13     | Noticed a vault guard
 18067 | D:13     | Noticed a vault guard
 18067 | D:13     | Noticed a vault guard
 18067 | D:13     | Noticed a vault guard
 18067 | D:13     | Noticed a death knight
 18286 | D:13     | Killed a vault guard
 18393 | D:13     | Killed a vault guard
 18660 | D:13     | Killed a vault guard
 18660 | D:13     | Reached skill level 5 in Fire Magic
 18926 | D:13     | Killed a death knight
 19167 | D:13     | Reached XP level 13. HP: 66/66 MP: 36/36
 19400 | D:13     | Reached skill level 18 in Spellcasting
 19746 | D:13     | Offered knowledge of Iron Shot by Vehumet.
 19895 | D:13     | Reached skill level 1 in Shields
 20424 | D:14     | Learned a level 6 spell: Iron Shot
 20493 | D:14     | Noticed Snorg
 20545 | D:14     | Killed Snorg
 21415 | D:14     | Found a shadowy altar of Dithmenos.
 21628 | D:10     | Bought a scroll of identify for 48 gold pieces
 21628 | D:10     | Bought a scroll labeled GEKKOL UCUL for 24 gold pieces
 21648 | D:10     | Bought a potion of cancellation for 96 gold pieces
 21648 | D:10     | Bought a potion of brilliance for 48 gold pieces
 21648 | D:10     | Bought a potion of invisibility for 96 gold pieces
 21648 | D:10     | Bought a potion of flight for 36 gold pieces
 21648 | D:10     | Bought a potion of curing for 36 gold pieces
 21648 | D:10     | Bought a potion of mutation for 96 gold pieces
 21648 | D:10     | Bought a potion of lignification for 36 gold pieces
 21648 | D:10     | Bought a potion of berserk rage for 60 gold pieces
 21721 | D:9      | Got a pitted long sword
 21925 | D:13     | Reached skill level 15 in Earth Magic
 22026 | D:13     | Identified the +7 long sword of Sulphur {vorpal, rN+ Str+4
                  | SInv} (You found it on level 9 of the Dungeon)
 22037 | D:15     | Entered Level 15 of the Dungeon
 23162 | D:15     | Reached skill level 1 in Long Blades
 23224 | D:15     | Found a staircase to the Depths.
 23252 | D:15     | Reached XP level 14. HP: 75/75 MP: 30/38
 23504 | D:15     | Reached skill level 19 in Spellcasting
 23949 | Lair:1   | Entered Level 1 of the Lair of Beasts
 24096 | D:4      | Bought the ring of Uborph {rElec rF+ Int+2} for 561 gold
                  | pieces
 24825 | Lair:1   | Offered knowledge of Orb of Destruction by Vehumet.
 25733 | Lair:2   | Learned a level 2 spell: Swiftness
 26649 | Lair:2   | Found a runed translucent door.
 26649 | Lair:2   | Found a shimmering altar of Xom.
 26649 | Lair:2   | Noticed Xudgha's ghost (journeyman MiFi)
 26911 | Lair:2   | Found a hole to the Spider Nest.
 27359 | Lair:2   | Killed Xudgha's ghost
 27359 | Lair:2   | Reached skill level 20 in Spellcasting
 27615 | Lair:3   | Reached skill level 5 in Fighting
 27934 | Lair:3   | Found a runed translucent door.
 28352 | Lair:3   | Found a staircase to the Swamp.
 30059 | Lair:4   | Reached skill level 5 in Long Blades
 30059 | Lair:4   | Reached XP level 15. HP: 68/84 MP: 36/41
 30774 | Lair:4   | Reached skill level 1 in Charms
 30882 | Lair:4   | Offered knowledge of Bolt of Magma by Vehumet.
 30882 | Lair:4   | Reached skill level 1 in Air Magic
 32515 | Lair:6   | Entered Level 6 of the Lair of Beasts
 33010 | Lair:6   | Found a viscous altar of Jiyva.
 33018 | Lair:6   | Found a staircase to the Slime Pits.
 33972 | Lair:6   | Reached skill level 21 in Spellcasting
 34696 | Lair:6   | Reached ****** piety under Vehumet
 35451 | Orc:1    | Entered Level 1 of the Orcish Mines
 35525 | Orc:1    | Offered knowledge of Irradiate by Vehumet.
 35556 | Orc:1    | Learned a level 4 spell: Summon Lightning Spire
 36330 | Orc:1    | Noticed a frost giant
 36335 | Orc:1    | Killed a frost giant
 36335 | Orc:1    | Reached skill level 22 in Spellcasting
 36426 | Orc:1    | Got a wavering marble ring
 36433 | Orc:1    | Identified the ring "Vuschith" {+Blink rElec rPois MP-9
                  | Str+3} (You found it on level 1 of the Orcish Mines)
 36442 | Orc:1    | Found the +12 Vampire's Tooth {vamp}
 36566 | Orc:2    | Entered Level 2 of the Orcish Mines
 36566 | Orc:2    | Found Vaeq's Food Boutique.
 37194 | Orc:1    | Reached XP level 16. HP: 68/93 MP: 37/44
 37795 | Orc:2    | Reached skill level 1 in Summonings
 38714 | Orc:2    | Offered knowledge of Spellforged Servitor by Vehumet.
 38728 | Orc:2    | Learned a level 7 spell: Spellforged Servitor
 39380 | Orc:2    | Found Ziyramit's Antique Armour Emporium.
 39380 | Orc:2    | Found Zommeinuung's Armour Shop.
 39382 | Orc:2    | Found Uwuukeuc's Jewellery Boutique.
 39384 | Orc:2    | Found Yssufemyfo's Assorted Antiques.
 39415 | Orc:2    | Bought a glowing cloak for 187 gold pieces
 39415 | Orc:2    | Bought a crude golden ring for 125 gold pieces
 39417 | Orc:2    | Bought a pair of ancient gloves for 247 gold pieces
 39431 | Orc:2    | Identified the +2 pair of gloves of Kenex {-Tele rElec MR+
                  | rCorr} (You bought it in a shop on level 2 of the Orcish
                  | Mines)
 39438 | Orc:2    | Bought the amulet of Ymoaceme {rPois Regen+ Int+3} for 760
                  | gold pieces
 39439 | Orc:2    | Identified the ring of Pinnebec {Dex+6 Stlth+} (You bought
                  | it in a shop on level 2 of the Orcish Mines)
 39495 | Orc:2    | Found a staircase to the Elven Halls.
 39822 | Swamp:1  | Entered Level 1 of the Swamp
 41372 | Swamp:2  | Reached skill level 23 in Spellcasting
 41882 | Swamp:2  | Noticed a tentacled monstrosity
 41908 | Swamp:2  | Killed a tentacled monstrosity
 41908 | Swamp:2  | Offered knowledge of Lehudib's Crystal Spear by Vehumet.
 41931 | Swamp:2  | Killed from afar by an ice dragon

Illustrated notes

Levels and vault maps discovered:
D:1:      ldierk_walled_garden_2, layout_loops_corners
D:2:      layout_loops_corners, first_ration, elyvilon_altar_1, uniq_jessica,
          uniq_robin
D:3:      layout_basic, xom_redecorated, uniq_terence
D:4:      layout_loops_corners, minmay_temple_entry_crystal_x, serial_shops,
          shop
D:5:      layout_cave_pods, hangedman_decor_lopped, uniq_pikel
D:6:      layout_layer_cave
D:7:      layout_cave_pools, lemuel_mausoleum_altar_kikubaaqudgha, uniq_joseph,
          uniq_duvessa
D:8:      layout_basic, enter_bailey_7, uniq_grum
D:9:      layout_small_grid, david_lair_generic, grunt_ogre_cave, minivault_15
D:10:     minmay_klotski, layout_rooms, serial_shops, shop_fountains,
          kennysheep_mini, kennysheep_mini_moat
D:11:     minmay_the_grid_4x2 [minmay_the_grid_garden, minmay_the_grid_box_x,
          minmay_the_grid_slots, minmay_the_grid_outer_circle,
          minmay_the_grid_aliased_spiral, minmay_the_grid_holed_spiral,
          minmay_the_grid_plusring, minmay_the_grid_prize_trominoes],
          layout_gridville
D:12:     layout_loops_cross, david_orc_4, serial_shops,
          nicolae_shop_statue_plus, gammafunk_ghost_hydra_chop, basic_altar,
          lemuel_oklob_altar, uniq_maurice
D:13:     minmay_clustersquares, layout_basic, lightli_vaults_fourway_checkpoint
D:14:     layout_rooms, nicolae_dithmenos_the_darkroom, uniq_snorg
D:15:     gammafunk_depths_entry_grave, layout_basic, minivault_19
Temple:   compressed_dpeg_triangle_lava_temple
Lair:1:   beast_lair_carwin_large_4, layout_chaotic_city,
          minmay_lair_oklob_chamber, serial_bayou_shore_a
Lair:2:   layout_roguey, spider_nest_entry_rubble, ebering_ghost_xom,
          special_room [special_room_bee]
Lair:3:   layout_regular_city, minmay_swamp_entry_worms,
          chequers_serial_rivers_room_b, pf_torpor_hydra
Lair:4:   regret_index_harrowing_hell_hive, layout_hall_layers,
          serial_bayou_shore_b
Lair:5:   layout_cave_pods, grunt_forest_stairs_basic
Lair:6:   evilmike_catoblepas_cave, layout_misc_corridors, slime_altar_1,
          grunt_forest_large_clearing_hut, grunt_megastairs_5
Swamp:1:  layout_falls_marsh, serial_swamp_ruin, evilmike_swamp_ruin_house_4,
          evilmike_swamp_ruin_house_3, evilmike_swamp_ruin_house_5
Swamp:2:  layout_falls_marsh, portal_ice_cave_entry_dragon,
          hangedman_swamp_ruin_wall, swamp_pool5
Orc:1:    giant_chief_lemuel, layout_diamond_mine, uniq_josephine
Orc:2:    st_orc_rangers, layout_caves, serial_shops, shop

Skill      XL: |  1  2  3  4  5  6  7  8  9 10 11 12 13 14 15 16 |
---------------+-------------------------------------------------+-----
Dodging        | 3 |  3.0
Stealth        | 3 |  3.0
Spellcasting   | 4 6 8 9 12 14 16 17 18 20 22 23 | 23.3
Earth Magic    | 4 5 6 7 8 10 11 13 14 15 | 15.0
Armour         | 1 2 3 4 |  4.0
Conjurations   | 2 3 4 6 8 |  8.0
Hexes          | 1 2 |  2.0
Fighting       | 1 3 6 8 |  8.6
Ice Magic      | 2 |  2.0
Transmutations | 2 |  2.0
Fire Magic     | 1 5 7 8 |  8.7
Shields        | 3 4 |  4.0
Long Blades    | 1 5 6 |  6.1
Charms         | 2 |  2.0
Air Magic      | 2 |  2.0
Summonings     | 3 |  3.7
Short Blades   | |  0.2

Action                   |  1- 3 |  4- 6 |  7- 9 | 10-12 | 13-15 | 16-18 || total
-------------------------+-------+-------+-------+-------+-------+-------++-------
Melee: Unarmed           |     4 |       |       |       |       |       ||     4
       Dagger            |    17 |    25 |     1 |     7 |       |       ||    50
       Staff             |       |       |       |    29 |     4 |       ||    33
       Broad axe         |       |       |       |     8 |       |       ||     8
       Long sword        |       |       |       |       |    91 |     2 ||    93
 Cast: Sandblast         |    35 |    90 |   132 |   128 |   137 |    14 ||   536
       Stone Arrow       |       |    10 |    78 |   207 |   217 |    60 ||   572
       Slow              |       |       |     5 |       |       |       ||     5
       Lee's Rapid Decon |       |       |     3 |    78 |   100 |    10 ||   191
       Petrify           |       |       |       |     8 |     8 |     2 ||    18
       Iskenderun's Batt |       |       |       |     1 |    11 |    30 ||    42
       Iron Shot         |       |       |       |       |   288 |    94 ||   382
       Fireball          |       |       |       |       |    11 |       ||    11
       Swiftness         |       |       |       |       |     8 |     5 ||    13
       Summon Lightning  |       |       |       |       |    10 |    12 ||    22
       Cause Fear        |       |       |       |       |     2 |     4 ||     6
  Use: Potion            |       |     1 |     2 |     6 |     1 |     4 ||    14
       Scroll            |       |       |    10 |     8 |    12 |     3 ||    33
 Stab: Sleeping          |     2 |     6 |       |     1 |     2 |       ||    11
  Eat: Chunk             |     3 |    10 |     8 |    27 |    41 |    14 ||   103
       Ration            |       |       |     2 |     1 |     6 |       ||     9
Armor: Robe              |     5 |       |       |       |       |       ||     5
       Leather armour    |       |     5 |    12 |    36 |       |       ||    53
       Steam dragon scal |       |       |       |    42 |   122 |    22 ||   186
Dodge: Dodged            |    22 |    29 |    34 |   139 |   258 |    52 ||   534
Block: Buckler           |       |       |       |       |    91 |    25 ||   116
       Rpst.: Long sword |       |       |       |       |    46 |     8 ||    54
